 Dungeon Crawl Stone Soup version 0.29.1-1-gd02db6906a (webtiles) character file.

Game seed: 5870390574233824746

1845 Hadkhar the Nimble (level 8, -1/38 HPs)
             Began as a Felid Transmuter on Oct 1, 2022.
             Was an Initiate of Gozag.
             Slain by Joseph
             ... wielding a +1 spectral quarterstaff
              (15 damage)
             ... on level 8 of the Dungeon on Oct 2, 2022.
             The game lasted 01:09:20 (12978 turns).

Hadkhar the Nimble (Felid Transmuter)              Turns: 12978, Time: 01:09:20

Health: -1/38      AC:  2    Str:  6    XL:     8   Next: 88%
Magic:  12/14      EV: 27    Int: 23    God:    Gozag
Gold:   743        SH:  0    Dex: 21    Spells: 6/14 levels left
                                        Lives:  0   Deaths: 2

rFire   . . .      SeeInvis +     - Unarmed
rCold   . . .      Faith    .   (shield unavailable)
rNeg    . . .      Spirit   .   (body armour unavailable)
rPois   x          Reflect  .   (helmet unavailable)
rElec   .          Harm     .   (cloak unavailable)
rCorr   .          Rampage  .   (gloves unavailable)
Will    +....                   (boots unavailable)
Stlth   ++++......              (no amulet)
HPRegen 0.12/turn               p - +6 ring of intelligence
MPRegen 0.14/turn               n - ring of wizardry

@: spider-form
A: venomous fangs, tiny, (claws 1), (fangs 3), see invisible, (speed 1), (shaggy
fur 2), (stealthy paws), no weapons or thrown items, no armour, multi-lived
a: End Transformation, Renounce Religion, Potion Petition, Call Merchant, Bribe
Branch


You were on level 8 of the Dungeon.
You worshipped Gozag.
Gozag was pleased with you.
You were a venomous arachnid creature.
You visited 1 branch of the dungeon, and saw 8 of its levels.

You collected 888 gold pieces.
You paid 145 gold pieces to Gozag.

Inventory:

Jewellery
 b - a ring of willpower
 m - a ring of magical power
 n - a ring of wizardry (right front leg)
 p - a +6 ring of intelligence (left front leg)
 u - a +6 ring of intelligence
 v - a ring of poison resistance
Wands
 q - a wand of flame (35)
 z - a wand of iceblast (14)
 A - a wand of charming (10)
Scrolls
 c - 7 scrolls of teleportation
 f - a scroll of noise {unknown}
 g - a scroll of fear {unknown}
 h - 3 scrolls of vulnerability {unknown}
 l - 2 scrolls of blinking {unknown}
 t - a scroll of torment {unknown}
 x - 2 scrolls of enchant armour {unknown}
 y - a scroll of amnesia {unknown}
 B - 2 scrolls of immolation {unknown}
Potions
 a - 3 potions of lignification
 e - 2 potions of flight
 i - a potion of attraction
 j - 2 potions of mutation
 k - 2 potions of curing
 o - a potion of berserk rage
 r - a potion of haste {unknown}
 s - a potion of degeneration {unknown}
 w - a potion of might


   Skills:
 + Level 5.7 Fighting
 + Level 8.1 Dodging
 + Level 6.1 Stealth
 * Level 7.9 Unarmed Combat
 - Level 3.8 Spellcasting
 - Level 4.6 Transmutations


You had 6 spell levels left.
You knew the following spells:

 Your Spells              Type           Power      Damage    Failure   Level
a - Beastly Appendage     Tmut           50%        N/A       2%          1
b - Spider Form           Tmut/Pois      15%        N/A       12%         3
c - Ice Form              Ice/Tmut       15%        N/A       30%         4

Your spell library contained the following spells:

 Spells                   Type           Power      Damage    Failure   Level
 Wereblood                Tmut           25%        N/A       4%          2
 Sublimation of Blood     Necr           4%         N/A       14%         2
 Frozen Ramparts          Ice            8%         1d2       26%         3
 Dispel Undead            Necr           4%         3d7       54%         4
 Summon Ice Beast         Ice/Summ       4%         N/A       54%         4
 Lehudib's Crystal Spear  Conj/Erth      2%         10d2      100%        8


Dungeon Overview and Level Annotations

Branches:
Dungeon (8/15)             Temple (0/1) D:6
   Lair: D:8-11

Altars:
Ashenzari
Cheibriados
Fedhas
Gozag
Makhleb
Qazlal
Trog
Vehumet
Wu Jian
Xom
Zin

Annotations:
D:8 Joseph


Innate Abilities, Weirdness & Mutations

You are a venomous arachnid creature.
You have poisonous fangs.
You are tiny and dextrous.
Your spellcasting is less reliable in this form.
((You have sharp claws.))
((You have razor-sharp teeth.))
You have supernaturally acute eyesight. (SInv)
((You cover ground quickly. (Speed+)))
((You are covered in thick fur. (AC +2)))
((Your paws help you pounce on unaware monsters.))
You are incapable of wielding weapons or throwing items.
You cannot wear armour.
You gain extra lives every three experience levels.


Message History

You bite the killer bee!
The killer bee is poisoned.
The killer bee is moderately wounded.
* * * LOW HITPOINT WARNING * * *
You feel very sick. The killer bee misses you.
The killer bee completely misses you.
You feel better.
You kill the killer bee!
The killer bee completely misses you. The killer bee misses you.
You hit the killer bee.
The killer bee is poisoned.
The killer bee is lightly wounded.
The killer bee closely misses you. The killer bee completely misses you.
You hit the killer bee.
The killer bee looks as sick as possible!
The killer bee is severely wounded.
You kill the killer bee!
You now have 728 gold pieces (gained 5).
Your transformation is almost over.
You now have 743 gold pieces (gained 15).
You start resting.
Magic restored.
You start resting.
Your transformation has ended.
You start resting.
Joseph is nearby!
You start resting.
Joseph is nearby!
Joseph is nearby!
Casting: Spider Form (dangerous; 4% risk of failure)
Confirm with . or Enter, or press ? or * to list all spells.
You turn into a venomous arachnid creature.
Joseph unwields a +1 spectral quarterstaff.
Joseph wields a +2 sling of freezing.
It is covered in frost.
Joseph shoots a sling bullet.
The sling bullet closely misses you.
Joseph shoots a sling bullet.
The sling bullet barely misses you.
Joseph shoots a sling bullet.
The sling bullet hits you! The sling bullet freezes you.
Joseph unwields a +2 sling of freezing.
Joseph wields a +1 spectral quarterstaff.
Joseph hits you with a +1 spectral quarterstaff!
You die...
Your body crumbles into a pile of gold.

#........#..# #.##
#########.### ...# #.#
...# ##### ####.####
!..#### ....# #.......#
>...... ....#
#....)..#####)...###
....###.##.##.............
......).##............?...
....###.#..##...s@........
....# #....##.#####.......
.>..# #.......# ...####
##### #.......# ...#
###.##### ...# ##### #.#
...# ....# #.# ..## ###.#
#.# ###.#####.#


You could see Joseph.

Vanquished Creatures
  A wyvern (D:8)
  Menkaure (D:7)
  A water moccasin (D:6)
  A black bear (D:6)
  2 sky beasts (D:8)
  An ogre (D:5)
  2 phantoms
  A centaur (D:8)
  A kobold brigand (D:7)
  2 bullfrogs (D:7)
  A necrophage (D:5)
  3 scorpions
  10 wights (D:7)
  3 killer bees (D:8)
  A howler monkey (D:4)
  A hound (D:7)
  2 jellies
  Ijyb (D:5)
  Terence (D:3)
  4 iguanas
  3 orc wizards
  Robin (D:2)
  11 adders
  10 gnolls
  3 river rats (D:3)
  A shadow imp (D:7)
  A white imp (D:7)
  An ufetubus (D:7)
  2 worms (D:3)
  A dart slug (D:1)
  9 orcs
  8 ball pythons
  3 endoplasms
  5 giant cockroaches
  14 goblins
  7 hobgoblins
  2 jackals (D:4)
  4 quokkas
  7 bats
  4 frilled lizards
  17 kobolds
  10 rats
164 creatures vanquished.

Notes
Turn   | Place    | Note
-------+----------+-------------------------------------------
     0 | D:1      | Hadkhar the Felid Transmuter began the quest for the Orb.
     0 | D:1      | Reached XP level 1. HP: 9/9 MP: 4/4
   373 | D:1      | Reached XP level 2. HP: 12/12 MP: 6/6
   534 | D:1      | Reached skill level 3 in Dodging
  1495 | D:2      | Found a faded altar of an unknown god.
  1510 | D:2      | Identified the +8 battleaxe "Xipae" {freeze, rF- rN+ Str+2}
  1634 | D:2      | Reached XP level 3. HP: 15/15 MP: 5/7
  1789 | D:2      | Noticed Robin
  2332 | D:2      | Killed Robin
  2448 | D:2      | Reached XP level 4. HP: 19/19 MP: 6/8
  3248 | D:3      | Noticed Terence
  3261 | D:3      | Killed Terence
  3502 | D:3      | Reached skill level 4 in Dodging
  3502 | D:3      | Reached XP level 5. HP: 3/22 MP: 8/10
  5430 | D:4      | Identified the +7 mace "Suviuq" {flame, Stlth+}
  5496 | D:4      | Gained mutation: You are covered in thick fur. (AC +2)
                  | [Felid growth]
  5496 | D:4      | Reached XP level 6. HP: 20/27 MP: 9/11
  5523 | D:5      | Entered Level 5 of the Dungeon
  5799 | D:5      | Learned a level 3 spell: Spider Form
  6431 | D:5      | Found a bloodstained altar of Trog.
  6667 | D:5      | Found a stormy altar of Qazlal.
  6736 | D:5      | Noticed Ijyb
  6750 | D:5      | Killed from afar by Ijyb
  6751 | D:5      | Reached XP level 5. HP: -3/24 MP: 9/10
  6754 | D:5      | Killed Ijyb
  6768 | D:5      | Noticed an ogre
  6770 | D:5      | Got the Parchment of Left-Handed Rituals and Clay
  6797 | D:5      | Killed an ogre
  6798 | D:5      | Reached skill level 5 in Dodging
  6798 | D:5      | Reached XP level 6. HP: 28/28 MP: 8/12
  7227 | D:5      | Learned a level 4 spell: Ice Form
  8515 | D:4      | Reached XP level 7. HP: 19/31 MP: 9/13
  8933 | D:6      | Reached skill level 1 in Stealth
  8933 | D:6      | Reached skill level 5 in Unarmed Combat
  9037 | D:6      | Found an ornate altar of the Wu Jian Council.
  9144 | D:6      | Found an opulent altar of Gozag.
  9169 | D:6      | Found a broken altar of Ashenzari.
  9208 | D:6      | Became a worshipper of Gozag Ym Sagoz the Greedy
  9374 | D:6      | Reached skill level 6 in Dodging
  9654 | D:6      | Found a staircase to the Ecumenical Temple.
  9985 | D:6      | Found an opulent altar of Gozag.
  9987 | D:6      | Found a blossoming altar of Fedhas.
  9987 | D:6      | Found a shimmering altar of Xom.
  9990 | D:6      | Found an opulent altar of Gozag.
  9990 | D:6      | Found a glowing silver altar of Zin.
  9990 | D:6      | Found a snail-covered altar of Cheibriados.
 10263 | D:7      | Found a radiant altar of Vehumet.
 10278 | D:7      | Reached XP level 8. HP: 36/36 MP: 14/14
 11338 | D:7      | Reached skill level 7 in Dodging
 11391 | D:7      | Noticed Menkaure
 11398 | D:7      | Slain by Menkaure
 11399 | D:7      | Reached XP level 7. HP: 0/33 MP: 13/13
 11431 | D:7      | Reached skill level 5 in Fighting
 11980 | D:7      | Reached XP level 8. HP: 37/37 MP: 12/14
 11984 | D:7      | Reached skill level 5 in Stealth
 11993 | D:7      | Killed Menkaure
 12539 | D:8      | Found a burning altar of Makhleb.
 12589 | D:8      | Noticed Joseph
 12754 | D:8      | Reached skill level 8 in Dodging
 12978 | D:8      | Slain by Joseph

Illustrated notes

Levels and vault maps discovered:
D:1:      psy_arrival_dodecagon, layout_loops_cross
D:2:      layout_basic, hellmonk_ecumenical_altar_lost_god, uniq_robin
D:3:      layout_rooms, lightli_sewer_entry_pipes, uniq_terence
D:4:      layout_rooms
D:5:      layout_basic, trog_butcher_becter, nicolae_qazlal_general_emergency,
          minmay_misc_feat_columns, hex_intersection, uniq_ijyb
D:6:      layout_cave_pools, lemuel_doored_altar, doesnt_xom_only_xom,
          mainiacjoe_overflow_boulevard, nicolae_wu_jian_wuxing_cycle,
          lemuel_temple_firewalk_a
D:7:      layout_loops_cross, vehumet_altar_wand_db, uniq_menkaure
D:8:      layout_loops_cross, bloody_makhleb, kennysheep_generic_room_15,
          uniq_grum, uniq_joseph

Skill      XL: |  1  2  3  4  5  6  7  8 |
---------------+-------------------------+-----
Dodging        | 3 4 5 6 8 |  8.1
Fighting       | 2 3 5 |  5.7
Transmutations | 3 4 |  4.6
Spellcasting   | 3 |  3.8
Unarmed Combat | 4 7 6 |  7.9
Stealth        | 3 6 |  6.1

Action                   |  1- 3 |  4- 6 |  7- 9 || total
-------------------------+-------+-------+-------++-------
Melee: Unarmed           |    93 |   281 |   235 ||   609
       Bite              |    10 |    23 |    16 ||    49
       Punch             |     3 |     9 |     6 ||    18
       Headbutt          |    11 |    34 |    24 ||    69
 Cast: Beastly Appendage |    13 |    30 |    13 ||    56
       Spider Form       |       |     4 |    15 ||    19
       Ice Form          |       |       |     1 ||     1
Evoke: Wand              |       |       |     8 ||     8
  Use: Scroll            |       |     2 |     4 ||     6
       Potion            |       |       |     1 ||     1
 Stab: Sleeping          |     4 |     1 |     4 ||     9
       Distracted        |       |       |     2 ||     2
Armor: Skin              |     5 |    11 |     5 ||    21
Dodge: Dodged            |    63 |   204 |   227 ||   494
